 Dungeon Crawl Stone Soup version 0.14.0-20-g75a2fc2 (webtiles) character file.

4751 Qrupt the Arsonist (level 10, -3/63 HPs)
             Began as a Mummy Fire Elementalist on Apr 21, 2014.
             Was a Follower of Ashenzari.
             Shot with an arrow by a centaur (11 damage)
             ... on Level 9 of the Dungeon.
             The game lasted 00:49:00 (15635 turns).

Qrupt the Arsonist (Mummy Fire Elementalist)       Turns: 15635, Time: 00:49:01

HP  -3/63        AC 13     Str 11      XL: 10   Next: 11%
MP   3/19        EV  9     Int 17      God: Ashenzari [*.....]
Gold 456         SH 11     Dex 12      Spells:  6 memorised,  4 levels left

rFire  x . .     SeeInvis .     m - +3,+0 short sword (speed)
rCold  + . .     Clarity  .     x - +3 swamp dragon armour (curse)
rNeg   + + +     Conserve .     B - +1 buckler (curse)
rPois  +         rCorr    .     i - +1 hat (curse)
rElec  .         rRot     +     (no cloak)
SustAb . .       Spirit   .     h - +0 pair of gloves (curse)
rMut   .         Warding  .     n - +0 pair of boots (curse)
Saprov . . .     Stasis   .     (no amulet)
MR     +....                    (no ring)
                                (no ring)

@: about to teleport, somewhat resistant to hostile enchantments, very
unstealthy
A: no food or potions, fire vulnerability, restore body, cold resistance 1, life
protection 3, poison resistance, torment resistance, unbreathing
a: Renounce Religion


You were on level 9 of the Dungeon.
You worshipped Ashenzari.
Ashenzari was aware of your devotion.
You were not hungry.

You visited 2 branches of the dungeon, and saw 10 of its levels.

You collected 456 gold pieces.

Inventory:

Hand weapons
 m - a +3,+0 short sword of speed (weapon)
Armour
 a - a +0 robe
 h - a cursed +0 pair of gloves (worn)
 i - a cursed +1 hat (worn)
 n - a cursed +0 pair of boots (worn)
 x - a cursed +3 swamp dragon armour (worn)
 B - a cursed +1 buckler (worn)
Magical devices
 e - a wand of fire (6)
 q - a wand of magic darts (0)
 r - a wand of magic darts (5)
 s - a wand of magic darts (7)
 u - a wand of polymorph (0) {unknown}
 v - a wand of magic darts (11)
 y - a wand of draining (6) {unknown}
Scrolls
 c - 3 scrolls of identify
 d - 2 scrolls of amnesia
 f - 2 scrolls of magic mapping
 g - 2 scrolls of teleportation
 j - a scroll of fear
 o - 6 scrolls of remove curse
 p - 3 scrolls of fog
 t - a scroll of enchant weapon I
Books
 b - a book of Flames

   Spells                             Type                      Level
   *Flame Tongue                      Conjuration/Fire             1
   Throw Flame                        Conjuration/Fire             2
   *Conjure Flame                     Conjuration/Fire             3
   Inner Flame                        Hexes/Fire                   3
   *Sticky Flame                      Conjuration/Fire             4
   Fireball                           Conjuration/Fire             5
 l - a book of the Tempests

   Spells                             Type                      Level
   Static Discharge                   Conjuration/Air              3
   Lightning Bolt                     Conjuration/Air              5
   Fireball                           Conjuration/Fire             5
   Tornado                            Air                          9
   Shatter                            Earth                        9
 w - a book of Party Tricks

   Spells                             Type                      Level
   *Summon Butterflies                Summoning                    1
   *Apportation                       Translocation                1
   *Blink                             Translocation                2
   Alistair's Intoxication            Transmutation/Poison         4
   Tukima's Dance                     Hexes                        5
Rods
 k - a -2 rod of destruction (11/11)
   (You found it on level 2 of the Dungeon)


   Skills:
 - Level 1.5 Dodging
 - Level 1.5 Stealth
 - Level 5.1 Shields
 - Level 3.5 Spellcasting
 + Level 7.5 Conjurations
 + Level 8.2 Fire Magic


You had 4 spell levels left.
You knew the following spells:

 Your Spells              Type           Power        Failure   Level  Hunger
a - Flame Tongue          Conj/Fire      ####.        1%          1    N/A
b - Conjure Flame         Conj/Fire      ####....     3%          3    N/A
c - Sticky Flame          Conj/Fire      ####....     12%         4    N/A
d - Blink                 Tloc           N/A          50%         2    N/A
e - Summon Butterflies    Summ           #.......     34%         1    N/A
f - Apportation           Tloc           #.........   34%         1    N/A

Dungeon Overview and Level Annotations

Branches:
Dungeon (9/15)             Temple (1/1) D:5
    Orc: D:9-12        Lair: D:8-11

Altars:
Ashenzari
Cheibriados
Elyvilon
Fedhas
Makhleb
Nemelex Xobeh
Okawaru
Sif Muna
Trog
Vehumet
Xom
Yredelemnul
Zin
The Shining One

Shops:
D:9 [

Annotations:
D:2 Terence
D:3 Natasha
D:7 exclusion: oklob plant
D:9 exclusion: door


Innate Abilities, Weirdness & Mutations

You do not eat or drink.
Your flesh is vulnerable to fire.
Your flesh is cold resistant.
You are immune to negative energy.
Your system is resistant to poisons.
You are immune to unholy pain and torment.
You can survive without breathing.


Message History

The yak burns!
The centaur wields a bow.
The centaur shoots an arrow.
The arrow misses you.
The arrow hits the yak.
The yak dies!
The centaur shoots an arrow.
The arrow misses you.
The centaur shoots an arrow.
The arrow hits you!
The centaur shoots an arrow.
You block the arrow.
The centaur shoots an arrow.
The arrow hits you!
You see here 3 arrows.
Read which item? (? for menu, Esc to quit)
As you read the scroll of teleportation, it crumbles to dust.
You feel strangely unstable.
The centaur shoots an arrow.
The arrow hits you!
The centaur shoots an arrow.
The arrow misses you.
The centaur shoots an arrow.
The arrow hits you!
The centaur shoots an arrow.
The arrow hits you!
The centaur shoots an arrow.
The arrow misses you.
The centaur shoots an arrow.
The arrow hits you!
* * * LOW HITPOINT WARNING * * *
You see here an arrow.
The centaur shoots an arrow.
The arrow hits you!
* * * LOW HITPOINT WARNING * * *
The centaur shoots an arrow.
The arrow hits you!
You die...

#.........# #.#############
###.........# #c##.......#
#...........###'##.#####.#
#......##....(.....# #.#
#......##.#..#...?.# #.#
#......##.#..#.....# #.#
#......##.#..#.....# #.# .#
#.......).#..#.(.(.# #.##.#
#......#..(..@((..c#####.%..#
#......#.#(.#######Y(....[..#
######...#.(##### #.Y.......#
#####......# #.........#
#..........# #...(.....+
#.####.....# #.........#
#.....# #....Y....#
#.####.....###'####'#'##
#.......)..##......Y..###


You could see a yak and 2 centaurs.

Vanquished Creatures
  A gargoyle (D:9)
  A wyvern (D:9)
  2 yaks (D:9)
  Eustachio (D:6)
  A hippogriff (D:7)
  A steam dragon (D:8)
  Edmund (D:6)
  A water moccasin (D:9)
  A sky beast (D:6)
  A centaur (D:8)
  2 ice beasts
  3 ogres
  A phantom (D:9)
  Duvessa (D:4)
  2 big kobolds
  3 giant frogs
  A water moccasin skeleton (D:8)
  3 scorpions
  A hippogriff skeleton (D:5)
  3 goliath beetles
  Dowan (D:4)
  2 crimson imps
  2 big fish (D:7)
  A giant frog zombie (D:6)
  8 orc priests
  3 hounds
  A jelly (D:6)
  A kobold skeleton (D:9)
  Natasha (twice) (D:3)
  An iguana (D:6)
  5 orc wizards
  10 worker ants
  Ijyb (D:3)
  An ogre skeleton (D:6)
  A hound zombie (D:6)
  9 adders
  3 shadow imps
  An inept feature mimic (D:3)
  5 worms
  An adder zombie (D:6)
  2 giant eyeballs (D:8)
  4 giant geckos
  26 orcs
  2 ball pythons
  13 bats
  A bat zombie (D:7)
  5 giant cockroaches
  20 goblins
  15 hobgoblins
  10 jackals
  4 giant newts
  A giant spore (D:7)
  28 kobolds
  2 orc skeletons
  A quokka (D:2)
  A quokka skeleton (D:5)
  16 rats
  2 ballistomycetes (D:7)
243 creatures vanquished.

Vanquished Creatures (others)
  A yak (D:9)
  A giant spore (D:6)
2 creatures vanquished.

Grand Total: 245 creatures vanquished

Notes
Turn   | Place    | Note
--------------------------------------------------------------
     0 | D:1      | Qrupt, the Mummy Fire Elementalist, began the quest for the Orb.
     0 | D:1      | Reached XP level 1. HP: 13/13 MP: 3/3
   246 | D:1      | Reached skill level 1 in Conjurations
   475 | D:1      | Reached XP level 2. HP: 19/19 MP: 0/4
  1244 | D:2      | Reached XP level 3. HP: 18/24 MP: 0/6
  1499 | D:2      | Reached skill level 3 in Fire Magic
  2107 | D:3      | Noticed Terence
  2504 | D:2      | Learned a level 3 spell: Conjure Flame
  2606 | D:3      | Reached XP level 4. HP: 30/30 MP: 4/8
  3029 | D:3      | Noticed Natasha
  3050 | D:3      | HP: 1/30 [Natasha (7)]
  3053 | D:3      | Killed Natasha
  3053 | D:3      | Reached XP level 5. HP: 1/35 MP: 2/11
  3183 | D:3      | Noticed Natasha
  3384 | D:3      | Killed Natasha
  3674 | D:3      | Noticed Ijyb
  3881 | D:3      | Killed Ijyb
  4418 | D:3      | Noticed Natasha
  4745 | D:4      | Noticed Duvessa
  4936 | D:3      | Learned a level 4 spell: Sticky Flame
  5013 | D:4      | Killed Duvessa
  5013 | D:4      | Reached skill level 4 in Fire Magic
  5013 | D:4      | Reached XP level 6. HP: 2/41 MP: 9/13
  5363 | D:4      | Noticed Dowan
  5486 | D:4      | Killed Dowan
  6098 | D:4      | Noticed an ogre
  6114 | D:4      | Killed an ogre
  6297 | D:4      | Reached XP level 7. HP: 29/46 MP: 5/15
  6605 | D:5      | Entered Level 5 of the Dungeon
  6986 | D:5      | Found a staircase to the Ecumenical Temple.
  7010 | Temple   | Entered the Ecumenical Temple
  7489 | D:5      | Reached skill level 5 in Fire Magic
  8003 | D:6      | Noticed Edmund
  8019 | D:6      | Killed Edmund
  8851 | D:6      | Reached XP level 8. HP: 52/52 MP: 6/17
  8927 | D:6      | Found a glowing silver altar of Zin.
  8929 | D:6      | Found a glowing golden altar of the Shining One.
  8929 | D:6      | Found a white marble altar of Elyvilon.
  8980 | D:6      | Reached skill level 5 in Conjurations
  8985 | D:6      | Noticed Eustachio
  9188 | D:6      | Killed Eustachio
  9188 | D:6      | Reached skill level 6 in Fire Magic
 10638 | D:6      | Learned a level 2 spell: Blink
 10640 | D:6      | Learned a level 1 spell: Summon Butterflies
 10642 | D:6      | Learned a level 1 spell: Apportation
 10912 | D:6      | Reached skill level 7 in Fire Magic
 11402 | D:7      | Found a shattered altar of Ashenzari.
 11423 | D:7      | Became a worshipper of Ashenzari the Shackled
 11469 | D:7      | Reached skill level 1 in Shields
 11605 | D:7      | HP: 1/52 [orc priest/divine providence (13)]
 12173 | D:7      | Reached XP level 9. HP: 57/57 MP: 5/18
 12420 | D:7      | Found a blossoming altar of Fedhas.
 13433 | D:7      | Noticed an oklob plant
 13732 | D:8      | Reached skill level 5 in Shields
 14564 | D:9      | Noticed a gargoyle
 14732 | D:9      | Found Ynloer's Antique Armour Shoppe.
 14812 | D:9      | Found a deep blue altar of Sif Muna.
 15184 | D:9      | Killed a gargoyle
 15416 | D:9      | Reached skill level 8 in Fire Magic
 15416 | D:9      | Reached XP level 10. HP: 61/63 MP: 2/19
 15635 | D:9      | Shot with an arrow by a centaur

Action                   |  1- 3 |  4- 6 |  7- 9 | 10-12 || total
-------------------------+-------+-------+-------+-------++-------
Melee: Unarmed           |    10 |       |       |       ||    10
       Hand axe          |       |    23 |   352 |       ||   375
       Short sword       |       |       |    44 |     1 ||    45
 Cast: Flame Tongue      |    89 |   103 |   265 |     4 ||   461
       Conjure Flame     |     1 |       |    23 |     1 ||    25
       Sticky Flame      |       |     5 |    42 |     4 ||    51
Evoke: Wand              |       |       |     1 |       ||     1
  Use: Scroll            |       |     1 |    17 |     1 ||    19
